 Dungeon Crawl Stone Soup version 0.19-a0-1851-g3228ea0 (webtiles) character file.

54 esc the Firebug (level 3, -1/19 HPs)
             Began as a Deep Elf Fire Elementalist on Oct 10, 2016.
             Slain by a hound (2 damage)
             ... on level 2 of the Dungeon.
             The game lasted 00:07:46 (1228 turns).

esc the Firebug (Deep Elf Fire Elementalist)        Turns: 1228, Time: 00:07:46

Health: -1/19      AC:  4    Str:  5    XL:     3   Next: 66%
Magic:  6/10       EV: 13    Int: 20    God:
Gold:   119        SH:  0    Dex: 15    Spells: 1 memorised, 8 levels left

rFire  . . .     SeeInvis .     i - +0 dagger
rCold  . . .     Gourm    .     a - +0 robe
rNeg   . . .     Faith    .     (no shield)
rPois  .         Spirit   .     (no helmet)
rElec  .         Dismiss  .     p - +1 cloak
rCorr  .         Reflect  .     (no gloves)
MR     .....     Harm     .     (no boots)
Stlth  ++........               (no amulet)
                                (no ring)
                                (no ring)

@: no status effects
A: no striking features
a: no special abilities


You were on level 2 of the Dungeon.
You were not hungry.

You visited 1 branch of the dungeon, and saw 2 of its levels.

You collected 119 gold pieces.

Inventory:

Hand Weapons
 i - a +0 dagger (weapon)
   (You found it on level 1 of the Dungeon)
Missiles
 h - 40 stones (quivered)
Armour
 a - a +0 robe (worn)
 p - a +1 cloak (worn)
   (You found it on level 2 of the Dungeon)
Scrolls
 g - a scroll of amnesia {unknown}
 l - a scroll of identify {unknown}
 n - 3 scrolls of remove curse {unknown}
 q - 2 scrolls of teleportation {unknown}
Potions
 e - a potion of resistance {unknown}
 j - 2 potions of curing {unknown}
 m - 2 potions of might {unknown}
 o - a potion of agility {unknown}
Books
 b - a book of Flames
Comestibles
 c - 3 bread rations {@e1}
 d - 3 beef jerkies
 k - 5 fruits


   Skills:
 + Level 3.2 Dodging
 - Level 2.4 Stealth
 + Level 3.7 Spellcasting
 + Level 2.1 Conjurations
 + Level 3.7 Fire Magic


You had 8 spell levels left.
You knew the following spells:

 Your Spells              Type           Power        Failure   Level  Hunger
a - Flame Tongue          Conj/Fire      ###..        4%          1    None


Dungeon Overview and Level Annotations

Branches:
Dungeon (2/15)

Altars:
Fedhas
Hepliaklqana
Makhleb


Message History

Aim: a bat The flame tongue misses the bat.
The bat barely misses you. x2
You now have 6/10 mp.
Aim: a bat The flame tongue misses the bat.
The bat hits you.
You take 1 damage, and have 13/19 hp.
You now have 5/10 mp.
Aim: a bat The flame tongue hits the bat.
You kill the bat!
You now have 4/10 mp.
Found a burning altar of Makhleb.
A giant cockroach comes into view.
Aim: a giant cockroach (clinging)
The flame tongue hits the giant cockroach.
The giant cockroach barely misses you.
You now have 4/10 mp.
Aim: a giant cockroach (moderately wounded, clinging)
The flame tongue hits the giant cockroach.
The giant cockroach completely misses you.
You now have 3/10 mp.
Aim: a giant cockroach (severely wounded, clinging)
The flame tongue hits the giant cockroach.
You kill the giant cockroach!
You now have 2/10 mp.
You see here a giant cockroach corpse.
You butcher the giant cockroach corpse.
f - 6 chunks of flesh {@w0} (gained 1)
A goblin comes into view.
The goblin shouts!
A frilled lizard comes into view.
You can't see any susceptible monsters within range! (Use Z to cast anyway.)
The frilled lizard hisses angrily.
Aim: a goblin The flame tongue hits the goblin.
You kill the goblin!
You now have 3/10 mp.
Aim: a frilled lizard The flame tongue hits the frilled lizard.
You kill the frilled lizard!
You now have 3/10 mp.
You see here a frilled lizard corpse.
You butcher the frilled lizard corpse.
f - 7 chunks of flesh {@w0} (gained 1) Some of the chunks of flesh in your inventory have rotted away.
Some of the chunks of flesh in your inventory have rotted away.
Some of the chunks of flesh in your inventory have rotted away.
As you open the door, it creaks loudly!
There is an open door here.
Eating one of 3 chunks of flesh {@w0}.
You start eating one of the 3 chunks of flesh {@w0}.
You are feeling hungry.
You continue eating. x2
You finish eating.
You found a teleport trap!
Health restored: 19; MP restored: 10
q - a scroll labeled NUOTUICERU You see here a whip.
Okay, then.
You see here a rat skeleton.
You see here a whip.
n - 3 scrolls labeled GUNYN GEPA (gained 1) Some of the chunks of flesh in your inventory have rotted away.
A worm comes into view.
You hit the worm. The worm barely misses you.
Aim: a worm (lightly wounded)
The flame tongue hits the worm.
The worm bites you!
All of the chunks of flesh in your inventory have rotted away.
You take 9 damage, and have 10/19 hp.
MASSIVE DAMAGE!!
You now have 9/10 mp.
Aim: a worm (heavily wounded)
The flame tongue hits the worm.
The worm appears unharmed.
You now have 8/10 mp.
Aim: a worm (moderately wounded)
The flame tongue hits the worm.
You now have 7/10 mp.
Aim: a worm (almost dead)
The flame tongue hits the worm.
You kill the worm!
m - 2 blue potions (gained 1)
q - 2 scrolls labeled NUOTUICERU (gained 1)
A hound comes into view.
The hound barks!
Found a burning altar of Makhleb.
Aim: a hound The flame tongue misses the hound.
The hound bites you.
You take 2 damage, and have 10/19 hp.
You now have 7/10 mp.
Aim: a hound The flame tongue hits the hound.
The hound bites you.
* * * LOW HITPOINT WARNING * * *
The hound bites you.
* * * LOW HITPOINT WARNING * * *
You take 9 damage, and have 1/19 hp.
MASSIVE DAMAGE!!
You now have 6/10 mp.
Okay, then.
Aim: a hound The flame tongue hits the hound.
The hound closely misses you. The hound bites you.
You die...

#####...#.#.#.#.# #
#...#.#<#.#.#
######..#.###.#.#
................#
.#####.>......#.#
.# ##.......#.# .#
#####....## .#
#...##....##
.######.######..@##
........# ###h.##
#.......# ##..#
........# #..##
#.......# ...##
........# _..##
........# #..#
........# ###
..#######


You could see a hound.

Vanquished Creatures
  An adder (D:2)
  A worm (D:2)
  3 dart slugs (D:1)
  2 leopard geckos
  A giant cockroach (D:2)
  6 goblins
  2 hobgoblins (D:1)
  3 bats
  7 frilled lizards
  5 kobolds
  6 rats
37 creatures vanquished.

Notes
Turn   | Place    | Note
-------+----------+-------------------------------------------
     0 | D:1      | esc the Deep Elf Fire Elementalist began the quest for the Orb.
     0 | D:1      | Reached XP level 1. HP: 10/10 MP: 6/6
   161 | D:1      | Reached XP level 2. HP: 15/15 MP: 6/8
   565 | D:1      | Reached skill level 2 in Conjurations
   758 | D:2      | Reached XP level 3. HP: 19/19 MP: 9/9
   776 | D:2      | Found a hazy altar of Hepliaklqana.
   785 | D:2      | Reached skill level 3 in Dodging
   838 | D:2      | Found a blossoming altar of Fedhas.
   949 | D:2      | Found a burning altar of Makhleb.
  1223 | D:2      | Found a burning altar of Makhleb.
  1225 | D:2      | HP: 4/19 [hound (6)]
  1225 | D:2      | HP: 1/19 [hound (3)]
  1228 | D:2      | Slain by a hound

Vault maps used:
D:1:      dpeg_arrival_fog, st_stairs_13, serial_park_tiny_2
D:2:      fedhas_altar_3, nicolae_overflow_hidden_temple, old_standard_altar,
          old_standard_altar, minmay_misc_feat_enclosed,
          makhleb_blood_cavern_becter

Skill      XL: |  1  2  3 |
---------------+----------+-----
Conjurations   | 2 |  2.1
Dodging        | 3 |  3.2
Stealth        | |  2.4
Spellcasting   | |  3.7
Fire Magic     | |  3.7

Action                   || total
-------------------------++-------
Melee: Unarmed           ||     1
       Dagger            ||    60
 Cast: Flame Tongue      ||    43
  Use: Scroll            ||     1
 Stab: Sleeping          ||     5
       Distracted        ||     1
  Eat: Chunk             ||     1
Armor: Robe              ||    10
Dodge: Dodged            ||    44

Vault maps used:
D:1:      dpeg_arrival_fog, st_stairs_13, serial_park_tiny_2
D:2:      fedhas_altar_3, nicolae_overflow_hidden_temple, old_standard_altar,
          old_standard_altar, minmay_misc_feat_enclosed,
          makhleb_blood_cavern_becter

Table legend:
 A = Turns spent in this place as a percentage of turns spent in the entire game.
 B = Non-inter-level travel turns spent in this place as a percentage of non-inter-level travel turns spent in the entire game.
 C = Inter-level travel turns spent in this place as a percentage of turns spent in this place.
 D = Turns resting spent in this place as a percentage of non-inter-level travel turns spent in this place.
 E = Turns spent auto-exploring this place as a percentage of non-inter-level travel turns spent in this place.
 F = Non-inter-level travel turns spent in this place divided by the number of levels of this place that you've seen.
                   A       B       C       D       E      F
               +-------+-------+-------+-------+-------+----------------------
         Total | 100.0 | 100.0 |   0.3 |   1.3 |  14.2 | 158.5
       Dungeon | 100.0 | 100.0 |   0.3 |   1.3 |  14.2 | 158.5
               +-------+-------+-------+-------+-------+----------------------

Table legend:
 A = Kills in this place as a percentage of kills in entire the game.
 B = Kills by you in this place as a percentage of kills by you in the entire game.
 C = Kills by friends in this place as a percentage of kills by friends in the entire game.
 D = Other kills in this place as a percentage of other kills in the entire game.
 E = Experience gained in this place as a percentage of experience gained in the entire game.
 F = Experience gained in this place divided by the number of levels of this place that you have seen.
                   A       B       C       D       E      F
               +-------+-------+-------+-------+-------+----------------------
         Total | 100.0 | 100.0 |  -nan |  -nan | 100.0 |  39.0
       Dungeon | 100.0 | 100.0 |  -nan |  -nan | 100.0 |  39.0
               +-------+-------+-------+-------+-------+----------------------
